 Dungeon Crawl Stone Soup version 0.30-a0-339-g89bb51ec76 (webtiles) character file.

Game seed: 15638947180545315134

4 Lobster4 the Digger (level 1, 0/13 HPs)
             Began as a Human Wanderer on Oct 31, 2022.
             Slain by a gnoll
             ... wielding a +2 flail of venom
              (13 damage)
             ... on level 1 of the Dungeon.
             The game lasted 00:01:55 (181 turns).

Lobster4 the Digger (Human Wanderer)                 Turns: 181, Time: 00:01:56

Health: 0/13       AC:  2    Str:  9    XL:     1   Next: 77%
Magic:  0/2        EV: 11    Int: 16    God:
Gold:   14         SH:  3    Dex: 11    Spells: 1/2 levels left

rFire   . . .      SeeInvis .    a - +0 rapier
rCold   . . .      Faith    .    d - +0 buckler
rNeg    . . .      Spirit   .    c - +0 robe
rPois   .          Reflect  .    (no helmet)
rElec   .          Harm     .    (no cloak)
rCorr   .          Rampage  .    (no gloves)
Will    .....                    (no boots)
Stlth   +.........               (no amulet)
HPRegen 0.22/turn                (no ring)
MPRegen 0.08/turn                (no ring)

@: no status effects
A: no striking features
a: no special abilities


You were on level 1 of the Dungeon.
You visited 1 branch of the dungeon, and saw 1 of its levels.

You collected 14 gold pieces.

Inventory:

Hand Weapons
 a - a +0 rapier (weapon)
 f - a +0 dagger
Armour
 c - a +0 robe (worn)
 d - a +0 buckler (worn)
 g - a +0 scale mail
Scrolls
 b - a scroll of fear
 e - a scroll of amnesia {unknown}


   Skills:
 + Level 0.3 Fighting
 + Level 0.2 Short Blades
 - Level 2.0 Throwing
 + Level 0.2 Armour
 - Level 1.0 Dodging
 + Level 1.0 Shields
 + Level 1.0 Spellcasting
 + Level 2.0 Summonings
 + Level 2.0 Earth Magic
 - Level 1.0 Evocations


You had one spell level left.
You knew the following spells:

 Your Spells              Type           Power      Damage    Failure   Level
a - Sandblast             Erth           14%        2d6       13%         1

Your spell library contained the following spells:

 Spells                   Type           Power      Damage    Failure   Level
 Summon Small Mammal      Summ           28%        N/A       14%         1
 Call Canine Familiar     Summ           7%         N/A       38%         3
 Stone Arrow              Conj/Erth      8%         3d7       52%         3
 Summon Lightning Spire   Summ/Air       4%         N/A       90%         4


Dungeon Overview and Level Annotations

Branches:
Dungeon (1/15)

Altars:


Message History

You closely miss the bat. The bat closely misses you.
The bat closely misses you.
You miss the bat. The bat hits you but does no damage.
You barely miss the bat. The bat hits you. x2
Hit: a) +0 rapier
Press: ? - help, Dir - move target, f - bat
Aim: a bat (about 58% to evade your +0 rapier)
You hit the bat.
You kill the bat!
You start resting.
HP restored.
You open the door.
There is an open door here.
A hobgoblin and a kobold come into view.
Found a stone staircase leading down.
There is an open door here.
There is an open door here.
There is an open door here.
You see here a +0 short sword.
You open the door.
A gnoll comes into view. It is wielding a +2 flail of venom.
The gnoll shouts!
There is an open door here.
Casting: Sandblast (safe; 13% risk of failure)
Confirm with . or Enter, or press ? or * to list all spells.
Aiming: Sandblast (safe; 13% risk of failure)
Press: ? - help, Shift-Dir - straight line, f - gnoll
Aim: a gnoll, wielding a +2 flail of venom (83% to hit)
The blast of sand hits the gnoll but does no damage.
The gnoll barely misses you.
Casting: Sandblast (safe; 13% risk of failure)
Confirm with . or Enter, or press ? or * to list all spells.
Aiming: Sandblast (safe; 13% risk of failure)
Press: ? - help, Shift-Dir - straight line, f/p - gnoll
Aim: a gnoll, wielding a +2 flail of venom (83% to hit)
The blast of sand hits the gnoll!
The gnoll is heavily wounded.
The gnoll hits you with a +2 flail of venom!
Ouch! That really hurt!
You die...

##.......##
#.........# .........
....... ..... ... #g#
### #@# ##.## ##.##
##...## ##...##
##.....## ##.....##
#.......## ##.......##
.........# #.........#
#.......#####.......##
##.....###.###.....##
###...###...###.).##


You could see a gnoll.

Vanquished Creatures
  A bat (D:1)
  A kobold (D:1)
  4 rats (D:1)
6 creatures vanquished.

Notes
Turn   | Place    | Note
-------+----------+-------------------------------------------
     0 | D:1      | Lobster4 the Human Wanderer began the quest for the Orb.
     0 | D:1      | Lobster4 set off with the following items: a +0 dagger, a
                  | scroll of fear, a +0 robe, a +0 buckler; and the following
                  | spells available to memorise: Sandblast, Summon Small
                  | Mammal, Call Canine Familiar, Stone Arrow, Summon Lightning
                  | Spire.
     0 | D:1      | Reached XP level 1. HP: 13/13 MP: 2/2
     2 | D:1      | Learned a level 1 spell: Sandblast
   181 | D:1      | Slain by a gnoll

Illustrated notes

Levels and vault maps discovered:
D:1:      elethiomel_arrival_diamonds, layout_loops_corners,
          shapermc_ecumenical_altar_venn, minmay_box_of_dots

Action                   || total
-------------------------++-------
Melee: Rapier            ||    26
 Cast: Sandblast         ||     2
Armor: Robe              ||     4
Dodge: Dodged            ||    11
Block: Buckler           ||     6

Table legend: (Time is in decaauts)
 A = Elapsed time spent in this place.
 B = Non-inter-level travel time spent in this place.
 C = Inter-level travel time spent in this place.
 D = Time resting spent in this place.
 E = Time spent auto-exploring this place.
 F = Levels seen in this place.
 G = Mean time per level.
                   A        B        C        D        E       F      G
               +--------+--------+--------+--------+--------+-----+--------+
         Total |    187 |    187 |      0 |     34 |     28 |   1 |  187.0 |
       Dungeon |    187 |    187 |      0 |     34 |     28 |   1 |  187.0 |
               +--------+--------+--------+--------+--------+-----+--------+

Top non-repeatable levels by time:
     D:1: 187 daAuts
